 Dungeon Crawl Stone Soup version 0.27.1-35-g4d5d836560 (webtiles) character file.

Game seed: 1528373150118475390

8966 croobank the Chopper (level 11, -5/84 HPs)
             Began as a Demonspawn Abyssal Knight on June 28, 2022.
             Was a Priest of Lugonu.
             Killed from afar by Sonja (12 damage)
             ... with a bolt of acid
             ... on level 11 of the Dungeon.
             The game lasted 00:44:19 (12528 turns).

croobank the Chopper (Demonspawn Abyssal Knight)   Turns: 12528, Time: 00:44:19

Health: -5/84      AC:  6    Str: 15    XL:     11   Next: 16%
Magic:  0/16       EV:  6    Int: 15    God:    Lugonu [***...]
Gold:   561        SH:  0    Dex: 12    Spells: 14/17 levels left

rFire    . . .     SeeInvis +   a - +0 broad axe
rCold    . . .     Faith    .   i - +5 kite shield
rNeg     . . .     Spirit   +   h - +0 ring mail
rPois    .         Reflect  .   (no helmet)
rElec    .         Harm     .   (no cloak)
rCorr    .         Rampage  .   (no gloves)
Will     .....                  (boots unavailable)
Stlth    +.........             u - amulet of guardian spirit
HPRegen  0.24/turn              B - ring of see invisible
MPRegen  0.15/turn              j - +4 ring of protection

@: lethally poisoned (-5 -> -12), petrifying, corroded, very slow
A: hooves 3, large bone plates 1, foul stench 1, icemail 1, condensation shield
a: Renounce Religion, Depart the Abyss, Bend Space, Banish


You were on level 11 of the Dungeon.
You worshipped Lugonu.
Lugonu was most pleased with you.
You visited 1 branch of the dungeon, and saw 11 of its levels.
You visited the Abyss 1 time.

You collected 561 gold pieces.

Inventory:

Hand Weapons
 a - a +0 broad axe (weapon)
 b - a +0 falchion
 c - a +1 shortbow of freezing
 d - a +0 flail of protection
 e - a +2 vorpal mace
 k - a +0 trident
 l - a +1 mace of protection
 n - a +2 dagger of pain
 r - a +0 dagger of venom
 s - a +0 hunting sling
 H - a +3 scimitar
 J - a +0 dire flail of protection
 N - a +2 whip of electrocution
 P - a +2 hand axe of flaming
Missiles
 t - 225 stones (quivered)
 E - a curare-tipped dart
 K - 185 arrows
Armour
 f - a +2 robe of willpower
 h - a +0 ring mail (worn)
 i - a +5 kite shield (worn)
 p - a +1 leather armour of fire resistance
Magical Staves
 w - a staff of air
Jewellery
 g - a ring of magical power
 j - a +4 ring of protection (right hand)
 u - an amulet of guardian spirit (around neck)
 z - a ring of positive energy
 B - a ring of see invisible (left hand)
 C - a ring of magical power
 D - a ring of fire
 L - a ring of flight
Wands
 y - a wand of flame (25)
 G - a wand of charming (13)
 I - a wand of digging (6)
Scrolls
 v - a scroll of magic mapping
Potions
 m - 3 potions of flight
 o - 2 potions of magic
 q - a potion of curing
 x - a potion of brilliance {unknown}
 A - a potion of mutation {unknown}
 F - a potion of attraction {unknown}
 M - a potion of cancellation {unknown}
 O - 2 potions of resistance {unknown}


   Skills:
 + Level 7.3 Fighting
 + Level 7.6 Axes
 - Level 1.1 Slings
 + Level 6.6 Armour
 + Level 5.8 Dodging
 - Level 0.4 Stealth
 + Level 7.3 Shields
 + Level 3.6 Spellcasting
 + Level 6.1 Invocations
 - Level 0.2 Evocations


You had 14 spell levels left.
You knew the following spells:

 Your Spells              Type           Power      Damage    Failure   Level
a - Tukima's Dance        Hex            2%         N/A       95%         3

Your spell library contained the following spells:

 Spells                   Type           Power      Damage    Failure   Level
 Corpse Rot               Necr/Air       N/A        N/A       80%         2
 Sublimation of Blood     Necr           1%         N/A       80%         2
 Ozocubu's Armour         Ice            2%         N/A       95%         3
 Dispel Undead            Necr           2%         3d7       100%        4
 Passage of Golubria      Tloc           N/A        N/A       100%        4
 Petrify                  Tmut/Erth      2%         N/A       100%        4
 Summon Lightning Spire   Summ/Air       2%         N/A       100%        4
 Irradiate                Conj/Tmut      1%         3d14      100%        5
 Metabolic Englaciation   Hex/Ice        1%         N/A       100%        5
 Yara's Violent Unravell  Hex/Tmut       1%         3d3       100%        5
 Death Channel            Necr           1%         N/A       100%        6
 Simulacrum               Ice/Necr       1%         N/A       100%        6
 Storm Form               Tmut/Air       1%         N/A       100%        7
 Maxwell's Capacitive Co  Air            1%         ∞         100%        8


Dungeon Overview and Level Annotations

Branches:
Dungeon (11/15)            Temple (0/1) D:6            Lair (0/6) D:9
    Orc: D:9-12

Altars:
Dithmenos
Gozag
Hepliaklqana
Kikubaaqudgha
Nemelex Xobeh
Qazlal
Ru
Uskayaw
Vehumet
Wu Jian
Yredelemnul
The Shining One

Shops:
D:8 *=

Annotations:
D:4 2 transporters
D:8 2 transporters, AverageBear's ghost, novice DDFi
D:9 5 runed translucent doors, corrupted
D:11 Sonja


Innate Abilities, Weirdness & Mutations

You have hooves in place of feet.
You are partially covered in large bone plates. (SH +4)
You may rarely emit foul miasma when damaged in melee.
A meltable icy envelope protects you from harm. (AC +4)
A meltable shield of frost defends you. (SH +4)


Message History

The centaur warrior zombie kicks you but does no damage.
Sonja shouts, "Some dancing partner you are!"
Sonja zaps a wand.
The bolt of acid hits you!!
You are splashed with acid!
The bolt of acid misses the kobold.
The kobold is engulfed in dark miasma.
The kobold looks even sicker.
You kill the kobold!
Lugonu accepts your kill.
The centaur warrior zombie hits you but does no damage.
The centaur warrior zombie kicks you but does no damage.
The basilisk gazes at you. You resist with some effort.
You turn to flesh and can move again.
You can't go down here!
You can't go up here!
Okay, then.
You feel very sick.
Sonja zaps a wand.
The bolt of acid hits you. The acid corrodes you!
You are splashed with acid!
* * * LOW HITPOINT WARNING * * *
You block the centaur warrior zombie's attack. x2
The basilisk gazes at you.
You are slowing down.
Sonja zaps a wand.
The bolt of acid hits you!
* * * LOW HITPOINT WARNING * * *
The acid corrodes you!
You are splashed with acid!
* * * LOW HITPOINT WARNING * * *
There is a stone staircase leading up, spattered with blood here.
Items here: $ ( ) †.
Unknown command.
* * * LOW HITPOINT WARNING * * *
You feel very sick.
The centaur warrior zombie hits you but does no damage.
The centaur warrior zombie kicks you but does no damage.
The kobold throws a stone.
The stone hits you but does no damage. The basilisk bites you.
The centaur warrior zombie barely misses you.
The centaur warrior zombie kicks you but does no damage.
The kobold throws a stone.
The stone barely misses you.
Sonja zaps a wand.
The bolt of acid hits you!!
You die...

#.....# #.
####.....###.
............
[<.........
........
#....K#
#.....#
#..)[.#
#..l@Z#
#...).#
#...K.#
#....$#
#.....#
#.....#
#.(...#
#.....#


You could see a basilisk, Sonja, a centaur warrior zombie and a kobold.

Vanquished Creatures
  A death knight (D:8)
  A centaur warrior (D:10)
  A tengu warrior (D:10)
  A komodo dragon (D:10)
  An unseen horror (D:10)
  A hornet (D:9)
  2 trolls
  14 yaks
  2 wyverns
  An acid dragon (D:10)
  A water moccasin (D:8)
  2 orc warriors
  2 sky beasts
  2 necrophages
  4 ogres
  8 centaurs
  A phantom (D:6)
  4 kobold brigands
  4 bullfrogs
  Blork the orc (D:5)
  A scorpion (D:5)
  A wyvern zombie (D:9)
  7 wights
  A centaur zombie (D:8)
  2 hounds
  2 orc priests
  A bullfrog skeleton (D:7)
  4 iguanas
  6 orc wizards
  Natasha (thrice) (D:2)
  2 killer bee zombies
  A hound skeleton (D:5)
  2 howler monkey zombies (D:6)
  6 gnolls
  6 adders
  3 worms
  24 orcs
  5 ball pythons
  11 bats
  7 endoplasms
  A giant cockroach (D:4)
  6 hobgoblins
  7 jackals
  3 quokkas
  4 frilled lizards
  10 goblins
  19 kobolds
  2 rats
  A spectral orc (D:7)
202 creatures vanquished.

Vanquished Creatures (others)
  A two-headed ogre (D:9)
  A centaur (D:9)
  2 starspawn tentacles (D:9)
4 creatures vanquished.

Grand Total: 206 creatures vanquished

Notes
Turn   | Place    | Note
-------+----------+-------------------------------------------
     0 | Abyss:1  | croobank the Demonspawn Abyssal Knight began the quest for
                  | the Orb.
     0 | Abyss:1  | Reached XP level 1. HP: 18/18 MP: 2/2
    38 | Abyss:1  | Noticed a red draconian
    72 | Abyss:1  | Found an ancient bone altar of Kikubaaqudgha.
    77 | Abyss:1  | Noticed a starcursed mass
    80 | D:1      | Escaped the Abyss
   290 | D:1      | Reached * piety under Lugonu
   357 | D:1      | Reached skill level 1 in Dodging
   512 | D:1      | Gained mutation: A meltable shield of frost defends you.
                  | (SH +4) [demonic ancestry]
   512 | D:1      | Reached XP level 2. HP: 24/24 MP: 3/3
  1055 | D:1      | Found a faded altar of an unknown god.
  1250 | D:2      | Reached XP level 3. HP: 13/30 MP: 4/4
  1469 | D:2      | Noticed Natasha
  1478 | D:2      | Killed Natasha
  1482 | D:2      | Noticed Natasha
  1489 | D:2      | Killed Natasha
  1490 | D:2      | Reached skill level 1 in Shields
  1490 | D:2      | Gained mutation: A meltable icy envelope protects you from
                  | harm. (AC +4) [demonic ancestry]
  1490 | D:2      | Reached XP level 4. HP: 14/37 MP: 5/5
  2068 | D:2      | Reached ** piety under Lugonu
  2088 | D:2      | Noticed Natasha
  2103 | D:2      | Killed Natasha
  2582 | D:2      | Gained mutation: You have large cloven feet. [demonic
                  | ancestry]
  2582 | D:2      | Reached XP level 5. HP: 40/42 MP: 6/6
  2645 | D:3      | Learned a level 3 spell: Tukima's Dance
  2731 | D:3      | Found an opulent altar of Gozag.
  2731 | D:3      | Found a sparkling altar of Nemelex Xobeh.
  3030 | D:3      | Found an ancient bone altar of Kikubaaqudgha.
  3888 | D:4      | Found a transporter.
  3931 | D:4      | Found a sacrificial altar of Ru.
  4187 | D:4      | Found a transporter.
  4195 | D:4      | Reached XP level 6. HP: 48/48 MP: 7/7
  4205 | D:4      | Found a shadowy altar of Dithmenos.
  4678 | D:4      | Found a hide-covered altar of Uskayaw.
  4879 | D:5      | Entered Level 5 of the Dungeon
  4888 | D:5      | Noticed Blork the orc
  5044 | D:5      | Killed Blork the orc
  5079 | D:5      | Reached *** piety under Lugonu
  5099 | D:5      | Noticed a sky beast
  5114 | D:5      | Killed a sky beast
  5115 | D:5      | Gained mutation: You may rarely emit foul miasma when
                  | damaged in melee. [demonic ancestry]
  5115 | D:5      | Reached XP level 7. HP: 49/55 MP: 8/8
  5316 | D:5      | Reached skill level 1 in Slings
  6189 | D:6      | Reached XP level 8. HP: 56/61 MP: 9/9
  6245 | D:6      | Found a staircase to the Ecumenical Temple.
  6373 | D:6      | Reached skill level 5 in Axes
  6745 | D:6      | Reached skill level 5 in Fighting
  6756 | D:6      | Reached skill level 5 in Shields
  7277 | D:7      | Found a basalt altar of Yredelemnul.
  7401 | D:8      | Gained mutation: You have hoof-like feet. [demonic
                  | ancestry]
  7401 | D:8      | Reached XP level 9. HP: 39/68 MP: 11/11
  7865 | D:8      | Reached **** piety under Lugonu
  7866 | D:8      | Reached skill level 5 in Armour
  8943 | D:8      | Found Viabuipp's Elemental Accessories.
  8958 | D:8      | Noticed a troll
  8976 | D:8      | Killed a troll
  8977 | D:8      | Reached skill level 1 in Spellcasting
  9122 | D:8      | Found Necw's Jewellery Shop.
  9137 | D:8      | Found a transporter.
  9140 | D:8      | Noticed AverageBear's ghost (novice DDFi)
  9141 | D:8      | Found a transporter.
  9145 | D:8      | Identified the +6 great mace of Painful Death {antimagic,
                  | rPois}
  9145 | D:8      | Noticed a two-headed ogre
  9303 | D:8      | Noticed a death knight
  9303 | D:8      | Noticed a skeletal warrior
  9304 | D:8      | Noticed a skeletal warrior
  9304 | D:8      | Noticed a skeletal warrior
  9331 | D:8      | Killed a death knight
  9332 | D:8      | Gained mutation: You are partially covered in large bone
                  | plates. (SH +4) [demonic ancestry]
  9332 | D:8      | Reached XP level 10. HP: 31/77 MP: 10/13
  9705 | D:9      | Found an ornate altar of the Wu Jian Council.
  9780 | D:9      | Found a staircase to the Lair.
  9828 | D:9      | Noticed a black mamba
  9828 | D:9      | Found a runed translucent door.
  9828 | D:9      | Noticed a black mamba
  9836 | D:9      | Found a runed translucent gate.
  9837 | D:9      | Found a runed translucent gate.
  9844 | D:9      | Found a runed translucent door.
  9847 | D:9      | Found the +9 staff of Olgreb {rPois∞}
  9940 | D:9      | Noticed a two-headed ogre
  9956 | D:9      | Corrupted D:9
  9956 | D:9      | Noticed a tentacled starspawn
  9956 | D:9      | Noticed a thrashing horror
  9956 | D:9      | Noticed a thrashing horror
  9956 | D:9      | Noticed a smoke demon
  9956 | D:9      | Noticed a deep elf elementalist
  9956 | D:9      | Noticed a tentacled starspawn
  9956 | D:9      | Found a radiant altar of Vehumet.
  9959 | D:9      | Noticed a worldbinder
  9962 | D:9      | Killed a two-headed ogre
  9964 | D:9      | Noticed an apocalypse crab
  9972 | D:9      | Noticed an apocalypse crab
  9975 | D:9      | Noticed a tentacled starspawn
  9977 | D:9      | Noticed a sixfirhy
  9979 | D:9      | Noticed an orb spider
  9979 | D:9      | a queen bee changed into an orb spider
 10432 | D:9      | Found a runed translucent gate.
 10432 | D:9      | Noticed a wolf spider
 10439 | D:9      | Paralysed by a hornet for 1 turns
 10468 | D:9      | Reached skill level 5 in Dodging
 11078 | D:10     | Entered Level 10 of the Dungeon
 11132 | D:10     | Reached skill level 5 in Invocations
 11439 | D:10     | Found a hazy altar of Hepliaklqana.
 11514 | D:10     | Found a stormy altar of Qazlal.
 11994 | D:11     | Noticed Sonja
 11994 | D:11     | Noticed a centaur warrior
 11995 | D:11     | Noticed a tengu warrior
 12005 | D:10     | Killed a centaur warrior
 12006 | D:10     | Gained mutation: You have hooves in place of feet. [demonic
                  | ancestry]
 12006 | D:10     | Reached XP level 11. HP: 70/84 MP: 13/15
 12226 | D:10     | Killed a tengu warrior
 12528 | D:11     | Killed from afar by Sonja

Illustrated notes

Levels and vault maps discovered:
D:1:      shiori_arrival_elements, layout_basic,
          shapermc_ecumenical_altar_mp_vishouse
D:2:      layout_basic, uniq_natasha
D:3:      layout_rooms, mainiacjoe_overflow_boulevard,
          grunt_temple_overflow_opulence, kennysheep_generic_room_6
D:4:      gammafunk_wand_slinger, layout_cave_pods,
          nicolae_overflow_crystal_walls, mainiacjoe_overflow_six_doors_small,
          nicolae_uskayaw_suspiria, st_stairs_4, kennysheep_generic_room_11
D:5:      layout_cave_pools, uniq_blork_the_orc
D:6:      layout_basic, minmay_temple_entry_mini_moons
D:7:      layout_gridville, yredelemnul_forgotten_temple_becter,
          hangedman_decor_opposing, kennysheep_generic_room_4
D:8:      layout_basic, gammafunk_ghost_smash, serial_shops, shop,
          nicolae_elemental_shop, lemuel_flamethrower_2
D:9:      layout_roguey, lemuel_coloured_pillars_altar,
          nzn_wu_jian_contemplation, general_overflow_altar,
          minmay_guarded_unrand_staff_of_olgreb
D:10:     layout_rooms, lemuel_round_altar, nicolae_qazlal_eye_of_the_storm
D:11:     layout_cross, maelrawn_ghost_gauntlet_escape, enter_trove_3,
          uniq_sonja

Skill      XL: |  1  2  3  4  5  6  7  8  9 10 11 |
---------------+----------------------------------+-----
Dodging        | 1 2 3 4 5 |  5.8
Armour         | 2 3 4 5 6 |  6.6
Axes           | 2 3 4 5 6 7 |  7.6
Shields        | 1 2 3 4 5 6 7 |  7.3
Fighting       | 4 5 6 7 |  7.3
Slings         | 1 |  1.1
Invocations    | 4 5 6 |  6.1
Spellcasting   | 1 3 |  3.6
Stealth        | |  0.4
Evocations     | |  0.2

Action                   |  1- 3 |  4- 6 |  7- 9 | 10-12 || total
-------------------------+-------+-------+-------+-------++-------
Melee: Hand axe          |   102 |   259 |   438 |    35 ||   834
       Kick              |       |    46 |   124 |    77 ||   247
       Broad axe         |       |       |       |   226 ||   226
 Fire: Hunting sling     |       |     6 |       |       ||     6
Throw: Stone             |       |       |     3 |       ||     3
       Throwing net      |       |       |     2 |       ||     2
Invok: Depart the Abyss  |     1 |       |       |       ||     1
       Bend Space        |       |       |     3 |       ||     3
       Corrupt           |       |       |       |     1 ||     1
Evoke: Wand              |       |       |     3 |       ||     3
  Use: Scroll            |     1 |     8 |     9 |     5 ||    23
       Potion            |       |     1 |     3 |     3 ||     7
Armor: Leather armour    |    23 |       |       |       ||    23
       Ring mail         |    36 |   118 |   174 |   162 ||   490
Dodge: Dodged            |    66 |    80 |   170 |   118 ||   434
Block: Kite shield       |    46 |   195 |   491 |   439 ||  1171
       Other             |     2 |       |       |       ||     2
